 Dungeon Crawl Stone Soup version 0.29.0-4-gdea44cf6ec (webtiles) character file.

Game seed: 8357336991702430705

1168 qw the Grappler (level 8, -8/75 HPs)
             Began as a Troll Cinder Acolyte on Aug 31, 2022.
             Was a High Priest of Ignis.
             Mangled by an ice beast (13 damage)
             ... on level 6 of the Dungeon.
             The game lasted 00:02:19 (3788 turns).

qw the Grappler (Troll Cinder Acolyte)              Turns: 3788, Time: 00:02:20

Health: -8/75      AC: 12    Str: 25      XL:     8   Next: 17%
Magic:  7/7        EV:  9    Int: 10      God:    Ignis [*****.]
Gold:   118        SH:  0    Dex:  5 (6)  Spells: 9/9 levels left

rFire   + . .      SeeInvis .     - Unarmed
rCold   . . .      Faith    .   (no shield)
rNeg    . . .      Spirit   .   a - +0 robe
rPois   .          Reflect  .   (helmet restricted)
rElec   .          Harm     .   l - +0 cloak
rCorr   .          Rampage  .   (gloves unavailable)
Will    +....                   (boots unavailable)
Stlth   +.........              (no amulet)
HPRegen 1.02/turn               i - ring of willpower
MPRegen 0.10/turn               j - +1 ring of dexterity

@: fiery-armoured
A: large, unfitting armour, claws 3, regeneration 1, shaggy fur 1, tough skin 1,
deterioration 1, low MP 1
a: Renounce Religion, Fiery Armour, Foxfire Swarm, Rising Flame


You were on level 6 of the Dungeon.
You worshipped Ignis.
Ignis was extremely pleased with you.
You visited 1 branch of the dungeon, and saw 6 of its levels.

You collected 237 gold pieces.
You spent 119 gold pieces at shops.


Innate Abilities, Weirdness & Mutations

You are too large for most types of armour.
You have claws for hands.
Your natural rate of healing is unusually fast.
You are covered in fur. (AC +1)
You have tough skin. (AC +1)
Your body sometimes deteriorates upon taking damage.
Your magical capacity is low. (-10% MP)


   Skills:
 - Level 3.1 Fighting
 - Level 1.2 Dodging
 + Level 9.8 Unarmed Combat
 - Level 1.0 Spellcasting
 - Level 2.1 Fire Magic


You had 9 spell levels left.
You didn't know any spells.
Your spell library contained the following spells:

 Spells                   Type           Power      Damage    Failure   Level
 Scorch                   Fire           8%         2d5       22%         2

Inventory:

Armour
 a - a +0 robe (worn)
 l - a +0 cloak (worn)
Jewellery
 i - a ring of willpower (left claw)
 j - a +1 ring of dexterity (right claw)
Scrolls
 f - a scroll of identify
Potions
 b - a potion of haste
 c - a potion of mutation
 e - a potion of cancellation
 g - a potion of flight {unknown}
 h - 5 potions of curing
 k - a potion of heal wounds {unknown}

Dungeon Overview and Level Annotations

Branches:
Dungeon (6/15)
 Temple: D:4-7

Altars:
Ashenzari
Nemelex Xobeh
Vehumet

Shops:
D:1 !   D:2 =   D:5 *


Message History

You claw the necrophage!
You destroy the necrophage!
You see here a necrophage corpse.
A centaur and a bullfrog come into view.
The centaur shouts!
The bullfrog gives a loud, deep croak!
The centaur wields a +2 shortbow of freezing.
It is covered in frost.
The centaur shoots an arrow.
The arrow hits you. The arrow freezes you.
A sky beast comes into view.
An ice beast comes into view.
Enter note:
Enter note:
Enter note: You completely miss the bullfrog.
You claw the bullfrog!
The bullfrog is severely wounded.
The centaur shoots an arrow.
The arrow hits you!
Your body deteriorates!
You feel clumsy. The arrow freezes you. The bullfrog barely misses you.
You completely miss the bullfrog.
The bullfrog is severely wounded.
The bullfrog closely misses you.
The centaur shoots an arrow.
The arrow hits you! The arrow freezes you.
You mangle the bullfrog!!
You kill the bullfrog!
3784 ||| Stepping ~*~*~tactically~*~*~ (hiding).
The centaur shoots an arrow.
The arrow hits you. The arrow freezes you. The ice beast hits you.
The ice beast freezes you!
3786 ||| INVOKING Fiery Armour.
A protective cloak of flame settles atop you.
The centaur shoots an arrow.
The arrow hits you! The arrow freezes you.
The ice beast hits you but does no damage.
An ice beast comes into view.
You scratch the ice beast but do no damage.
The ice beast closely misses you. The sky beast hits you.
The sky beast shocks you.
The sky beast is burned by your cloak of flames.
The sky beast is lightly wounded.
You claw the sky beast!
The sky beast is heavily wounded.
The ice beast hits you. The ice beast freezes you!
You die...

.......... ...
.......... ...
.......Y.. ...
.........# #.#
.........# #.# .......c.
####.#
......#Y#####.##.#######
......Y@................
......#.#####.##.#######
##### #.# #......#
#.#####.##.#.#
#..........#.#
############.# #.#
#######.#####
.............


You could see 2 ice beasts, a sky beast and a centaur.

Vanquished Creatures
  2 ogres
  A centaur (D:5)
  A bullfrog (D:6)
  A necrophage (D:6)
  2 scorpions (D:5)
  A howler monkey (D:5)
  A jelly (D:4)
  2 orc priests
  A hound (D:5)
  4 iguanas
  Natasha (thrice) (D:4)
  5 orc wizards
  11 adders
  2 worms
  11 dart slugs
  14 orcs
  6 ball pythons
  4 endoplasms
  2 giant cockroaches
  8 goblins
  8 hobgoblins
  4 quokkas
  7 bats
  3 frilled lizards (D:1)
  7 rats
111 creatures vanquished.

Notes
Turn   | Place    | Note
-------+----------+-------------------------------------------
     0 | D:1      | qw the Troll Cinder Acolyte began the quest for the Orb.
     0 | D:1      | Reached XP level 1. HP: 22/22 MP: 1/1
     0 | D:1      | 0 ||| qw: Version: 0.1-a-97-g2dd2ca4
     0 | D:1      | 0 ||| qw: Game counter: 4489
     0 | D:1      | 0 ||| qw: Always use a shield: true
     0 | D:1      | 0 ||| qw: God list: Okawaru
     0 | D:1      | 0 ||| qw: Allow faded altars: false
     0 | D:1      | 0 ||| qw: Do Orc after D:15 true
     0 | D:1      | 0 ||| qw: Do second Lair branch before Depths: true
     0 | D:1      | 0 ||| qw: Lair rune preference: random
     0 | D:1      | 0 ||| qw: Plans: Normal
     0 | D:1      | 0 ||| PLANNING D:1-11
    85 | D:1      | 85 ||| Stepping ~*~*~tactically~*~*~ (outnumbered).
    86 | D:1      | 86 ||| Stepping ~*~*~tactically~*~*~ (outnumbered).
    91 | D:1      | 91 ||| Stepping ~*~*~tactically~*~*~ (stealth).
   109 | D:1      | Found a faded altar of an unknown god.
   117 | D:1      | 117 ||| Stepping ~*~*~tactically~*~*~ (hiding).
   129 | D:1      | Reached XP level 2. HP: 29/29 MP: 2/2
   462 | D:1      | Found Qaggevet's Distillery.
   470 | D:1      | 470 ||| BUYING potion of curing (36 gold).
   470 | D:1      | Bought a potion of curing for 36 gold pieces
   470 | D:1      | 470 ||| SHOPLISTING potion of curing (36 gold, have 24).
   470 | D:1      | 470 ||| SHOPLISTING potion of heal wounds (60 gold, have
                  | 24).
   470 | D:1      | 470 ||| SHOPLISTING potion of might (48 gold, have 24).
   470 | D:1      | 470 ||| SHOPLISTING potion of resistance (120 gold, have
                  | 24).
   493 | D:1      | 493 ||| Stepping ~*~*~tactically~*~*~ (outnumbered).
   511 | D:1      | 511 ||| Stepping ~*~*~tactically~*~*~ (hiding).
   518 | D:1      | Reached skill level 4 in Unarmed Combat
   639 | D:1      | 639 ||| DROPPING amulet of magic regeneration.
   640 | D:1      | 640 ||| UPGRADING to ring of willpower.
   641 | D:1      | 641 ||| READING scroll labelled MUIKHL TASULO.
   642 | D:1      | 642 ||| READING 2 scrolls labelled EXKEMI OVVASTE.
   643 | D:1      | 643 ||| READING scroll labelled CAYFOO CAXIMI.
   651 | D:2      | 651 ||| STAIRDANCE
   660 | D:2      | Reached XP level 3. HP: 36/36 MP: 3/3
   699 | D:2      | 699 ||| Stepping ~*~*~tactically~*~*~ (stealth).
   746 | D:2      | Found Gutsavynk's One-of-a-Kind Rings.
   771 | D:2      | 771 ||| BUYING +1 ring of dexterity (20 gold).
   771 | D:2      | Bought a +1 ring of dexterity for 20 gold pieces
   771 | D:2      | 771 ||| SHOPLISTING +3 ring of protection (210 gold, have
                  | 14).
   771 | D:2      | 771 ||| SHOPLISTING +6 ring of slaying (1438 gold, have
                  | 14).
   771 | D:2      | 771 ||| SHOPLISTING ring "Ocae" {rF+ rC- Str+5} (355 gold,
                  | have 14).
   771 | D:2      | 771 ||| SHOPLISTING ring of Iqopsyor {*Slow rPois rF+
                  | Str+2} (348 gold, have 14).
   871 | D:2      | Found a radiant altar of Vehumet.
   960 | D:2      | Reached XP level 4. HP: 44/44 MP: 4/4
   964 | D:2      | Reached skill level 5 in Unarmed Combat
  1107 | D:2      | 1107 ||| UPGRADING to +1 ring of dexterity.
  1108 | D:2      | 1108 ||| READING scroll labelled XAYTRY AREPAU.
  1109 | D:2      | 1109 ||| READING scroll labelled DOYRIU ERROSCH.
  1112 | D:2      | 1112 ||| READING scroll labelled JEG VEAXESTRI.
  1113 | D:2      | 1113 ||| READING scroll labelled XEAWAKL DIHAADEA.
  1114 | D:2      | 1114 ||| READING scroll labelled UCAICK WINU.
  1115 | D:2      | 1115 ||| DRINKING 2 smoky coppery potions.
  1115 | D:2      | Gained mutation: Your body sometimes deteriorates upon
                  | taking damage. [potion of mutation]
  1115 | D:2      | Gained mutation: Your magical capacity is low. (-10% MP)
                  | [potion of mutation]
  1116 | D:2      | 1116 ||| READING 2 scrolls of identify.
  1116 | D:2      | 1116 ||| IDENTIFYING bubbling puce potion
  1117 | D:2      | 1117 ||| DROPPING potion of invisibility.
  1118 | D:2      | 1118 ||| Stepping randomly (stuck).
  1119 | D:2      | 1119 ||| Stepping ~*~*~tactically~*~*~ (cloud).
  1200 | D:3      | 1200 ||| Stepping ~*~*~tactically~*~*~ (stealth).
  1277 | D:3      | 1277 ||| Stepping ~*~*~tactically~*~*~ (stealth).
  1278 | D:3      | 1278 ||| Stepping ~*~*~tactically~*~*~ (stealth).
  1279 | D:3      | 1279 ||| Stepping ~*~*~tactically~*~*~ (stealth).
  1356 | D:3      | 1356 ||| INVOKING Fiery Armour.
  1357 | D:3      | 1357 ||| FLEEEEING.
  1358 | D:3      | 1358 ||| FLEEEEING.
  1359 | D:3      | 1359 ||| FLEEEEING.
  1360 | D:3      | 1360 ||| FLEEEEING.
  1361 | D:3      | 1361 ||| FLEEEEING.
  1372 | D:3      | Reached XP level 5. HP: 35/50 MP: 4/4
  1404 | D:3      | Found a sparkling altar of Nemelex Xobeh.
  1532 | D:3      | Found a broken altar of Ashenzari.
  1549 | D:3      | Noticed an ogre
  1553 | D:3      | Killed an ogre
  1554 | D:3      | Reached skill level 6 in Unarmed Combat
  1941 | D:3      | 1941 ||| READING 2 scrolls of identify.
  1941 | D:3      | 1941 ||| IDENTIFYING pink potion
  1974 | D:4      | Reached XP level 6. HP: 55/59 MP: 5/5
  2003 | D:4      | 2003 ||| Stepping ~*~*~tactically~*~*~ (stealth).
  2011 | D:4      | 2011 ||| Stepping ~*~*~tactically~*~*~ (stealth).
  2012 | D:4      | 2012 ||| Stepping ~*~*~tactically~*~*~ (stealth).
  2018 | D:4      | Reached skill level 7 in Unarmed Combat
  2164 | D:4      | Noticed Natasha
  2168 | D:4      | Killed Natasha
  2290 | D:4      | Noticed Natasha
  2291 | D:4      | 2291 ||| Stepping ~*~*~tactically~*~*~ (hiding).
  2295 | D:4      | Killed Natasha
  2296 | D:4      | 2296 ||| FLEEEEING.
  2408 | D:4      | 2408 ||| Stepping ~*~*~tactically~*~*~ (hiding).
  2516 | D:4      | Noticed Natasha
  2521 | D:4      | Killed Natasha
  2522 | D:4      | Reached skill level 8 in Unarmed Combat
  2760 | D:4      | Reached XP level 7. HP: 66/66 MP: 6/6
  2802 | D:4      | 2802 ||| READING scroll labelled DETAON DIHOIGRA.
  2803 | D:4      | 2803 ||| DRINKING 2 metallic green potions.
  2847 | D:4      | 2847 ||| READING 2 scrolls of identify.
  2847 | D:4      | 2847 ||| IDENTIFYING viscous ruby potion
  2848 | D:4      | 2848 ||| DROPPING potion of lignification.
  2879 | D:5      | Entered Level 5 of the Dungeon
  2880 | D:5      | 2880 ||| Stepping ~*~*~tactically~*~*~ (outnumbered).
  2887 | D:5      | 2887 ||| INVOKING Fiery Armour.
  2939 | D:5      | Reached skill level 3 in Fighting
  2952 | D:5      | Found Caagnul's Commerce Corner.
  2960 | D:5      | 2960 ||| BUYING +0 cloak (63 gold).
  2960 | D:5      | Bought a +0 cloak for 63 gold pieces
  2960 | D:5      | 2960 ||| SHOPLISTING 2 potions of curing (84 gold, have
                  | 70).
  2981 | D:5      | Reached skill level 1 in Dodging
  3007 | D:5      | 3007 ||| Stepping ~*~*~tactically~*~*~ (hiding).
  3009 | D:5      | 3009 ||| Stepping ~*~*~tactically~*~*~ (hiding).
  3015 | D:5      | 3015 ||| Stepping ~*~*~tactically~*~*~ (outnumbered).
  3225 | D:5      | 3225 ||| Stepping ~*~*~tactically~*~*~ (hiding).
  3226 | D:5      | 3226 ||| Stepping ~*~*~tactically~*~*~ (stealth).
  3238 | D:5      | 3238 ||| Stepping ~*~*~tactically~*~*~ (hiding).
  3240 | D:5      | 3240 ||| Stepping ~*~*~tactically~*~*~ (hiding).
  3251 | D:5      | 3251 ||| Stepping ~*~*~tactically~*~*~ (stealth).
  3259 | D:5      | Reached skill level 9 in Unarmed Combat
  3412 | D:5      | Reached XP level 8. HP: 68/75 MP: 7/7
  3509 | D:5      | 3509 ||| Stepping ~*~*~tactically~*~*~ (hiding).
  3513 | D:5      | 3513 ||| Stepping ~*~*~tactically~*~*~ (hiding).
  3632 | D:5      | 3632 ||| UPGRADING to +0 cloak.
  3637 | D:5      | 3637 ||| READING 4 scrolls labelled XYTOOH QUULOIC.
  3638 | D:5      | 3638 ||| DRINKING 3 murky puce potions.
  3639 | D:5      | 3639 ||| DROPPING 2 potions of brilliance.
  3640 | D:5      | 3640 ||| DROPPING 3 scrolls of immolation.
  3784 | D:6      | 3784 ||| Stepping ~*~*~tactically~*~*~ (hiding).
  3786 | D:6      | 3786 ||| INVOKING Fiery Armour.
  3786 | D:6      | HP: 17/75 [centaur/arrow (11)]
  3787 | D:6      | HP: 5/75 [sky beast (5)]
  3788 | D:6      | Mangled by an ice beast

Levels and vault maps discovered:
D:1:      minmay_arrival_widening_spiral_wide, layout_basic, serial_shops, shop,
          ebering_ecumenical_altar_sacrificial
D:2:      layout_rooms, basic_altar, nicolae_shop_unique_rings
D:3:      layout_basic, nemelex_xobeh_ov_fountains_minmay,
          mainiacjoe_overflow_surrounded_room, minmay_splitting_lines
D:4:      layout_loops_ring, uniq_natasha
D:5:      kennysheep_slugbush, layout_basic, nicolae_alphabet_shops,
          grunt_ministairs_5
D:6:      layout_basic, minmay_temple_entry_mist

Skill      XL: |  1  2  3  4  5  6  7 |
---------------+----------------------+-----
Unarmed Combat | 4 5 6 8 9 |  9.8
Fighting       | 3 |  3.1
Dodging        | 1 |  1.2
Spellcasting   | |  1.0
Fire Magic     | |  2.1

Action                   |  1- 3 |  4- 6 |  7- 9 || total
-------------------------+-------+-------+-------++-------
Melee: Unarmed           |    84 |   106 |    94 ||   284
       Punch             |       |     2 |     3 ||     5
Invok: Fiery Armour      |       |     1 |     2 ||     3
  Use: Scroll            |     3 |     7 |     3 ||    13
       Potion            |       |     1 |     2 ||     3
Armor: Robe              |    25 |    21 |    27 ||    73
Dodge: Dodged            |    25 |    31 |    31 ||    87

Table legend:
 A = Non-vault XP
 B = Vault XP
 C = Vault XP percentage of total XP
 D = Non-vault monster count
 E = Vault monster count
 F = Vault count percentage of total count
                 A         B        C        D         E       F
            +---------+---------+-------+---------+---------+-------
      Total |    1462 |     207 |  12.4 |     100 |      11 |   9.9
            +---------+---------+-------+---------+---------+-------
        D:1 |      33 |       0 |   0.0 |      19 |       0 |   0.0
        D:2 |      70 |       0 |   0.0 |      19 |       0 |   0.0
        D:3 |     262 |       0 |   0.0 |      21 |       0 |   0.0
        D:4 |     345 |      35 |   9.2 |      18 |       1 |   5.3
        D:5 |     578 |     172 |  22.9 |      21 |      10 |  32.3
        D:6 |     174 |       0 |   0.0 |       2 |       0 |   0.0
            +---------+---------+-------+---------+---------+-------
